 Dungeon Crawl Stone Soup version 0.21.1-1-g345015f (webtiles) character file.

17 Kairos the Charmwright (level 2, 22/22 HPs)
             Began as a Demonspawn Skald on Mar 26, 2018.
             Got out of the dungeon alive.
             The game lasted 00:01:41 (965 turns).

Kairos the Charmwright (Demonspawn Skald)            Turns: 965, Time: 00:01:42

Health: 22/22      AC:  3    Str: 11    XL:     2   Next: 44%
Magic:  5/5        EV: 12    Int: 14    God:
Gold:   37         SH:  0    Dex: 12    Spells: 4/5 levels left

rFire    . . .     SeeInvis .   a - +0 mace
rCold    . . .     Gourm    .   (no shield)
rNeg     . . .     Faith    .   k - +0 leather armour (curse)
rPois    .         Spirit   .   (no helmet)
rElec    .         Reflect  .   (no cloak)
rCorr    .         Harm     .   (no gloves)
MR       .....                  (no boots)
Stlth    +.........             (no amulet)
HPRegen  0.07/turn              (no ring)
MPRegen  0.09/turn              (no ring)

@: very slightly contaminated
A: sanguine armour 1
a: no special abilities


You escaped.
You were not hungry.

You visited 1 branch of the dungeon, and saw 1 of its levels.

You collected 37 gold pieces.

Inventory:

Hand Weapons
 a - a +0 mace (weapon)
Armour
 b - a +0 leather armour
 j - a +0 pair of gloves
 k - a cursed +0 leather armour (worn)
Scrolls
 h - a scroll of identify {unknown}
 i - a scroll of amnesia {unknown}
Books
 c - a book of Battle

   Spells                             Type                      Level
   a - Infusion                       Charms                       1
   b - Shroud of Golubria             Charms/Translocation         2
   c - Song of Slaying                Charms                       2
   d - Spectral Weapon                Hexes/Charms                 3
   e - Regeneration                   Charms/Necromancy            3
Comestibles
 d - 2 rations


   Skills:
 + Level 2.1 Fighting
 + Level 2.0 Maces & Flails
 + Level 0.8 Armour
 + Level 1.8 Dodging
 + Level 2.0 Spellcasting
 + Level 3.2 Charms


You had 4 spell levels left.
You knew the following spells:

 Your Spells              Type           Power        Failure   Level  Hunger
a - Infusion              Chrm           ##..         9%          1    ##.....


Dungeon Overview and Level Annotations

Branches:
Dungeon (1/15)

Altars:


Innate Abilities, Weirdness & Mutations

When seriously injured, your bleeding wounds create armour. (AC +0)


Message History

You continue putting on your glowing leather armour. x5
You finish putting on your cursed +0 leather armour.
Oops, that feels deathly cold.
There is a staircase leading out of the dungeon here.
It was a potion of curing.
You feel better.
As you read the scroll labeled TUM OGOM ACW, it crumbles to dust.
You assume a fearsome visage.
Nothing appears to happen.
It was a scroll of fear.
Blink to where?
Press: ? - help, Dir - move target cursor, f - you Are you sure you want to cancel this blink?
Blink to where?
Press: ? - help, Dir - move target cursor You are very lightly contaminated with residual magic.
As you read the scroll labeled CESEIBULIE, it crumbles to dust.
It was a scroll of blinking.
There is a staircase leading out of the dungeon here.
You can't go down here!
Are you sure you want to leave the Dungeon?
This will make you lose the game!
You have escaped!

#......##.....###'##
##....(...........##
#####.#................
#.....######.....###### #
#.###............'.....
###########.##########.....######
..#.....#.#.#......# #######
#.#.###.#.#.#.####.#
#.#.#...#.#.#.#.@#.#
#.#.#####.#.#.#.##.#
#.#.......#.#.#....#
#.#######.#.#.############# #####
#.........................# #....
#.#.##############.#..###.# #.###
#.#...#..........#.#......# #.###
#.#.#.#.########.#.#..#######.#..
#.#.#)#.....)..#)#.#..........#.#


There were no monsters in sight!

Vanquished Creatures
  3 ball pythons (D:1)
  3 goblins (D:1)
  2 hobgoblins (D:1)
  2 jackals (D:1)
  2 frilled lizards (D:1)
  2 kobolds (D:1)
  A rat (D:1)
15 creatures vanquished.

Notes
Turn   | Place    | Note
-------+----------+-------------------------------------------
     0 | D:1      | Kairos the Demonspawn Skald began the quest for the Orb.
     0 | D:1      | Reached XP level 1. HP: 16/16 MP: 3/3
   131 | D:1      | Reached skill level 3 in Charms
   279 | D:1      | Gained mutation: When seriously injured, your bleeding wounds create armour. (AC +0) [demonic ancestry]
   279 | D:1      | Reached XP level 2. HP: 22/22 MP: 5/5
   965 | D:$      | Got out of the dungeon alive.

Skill      XL: |  1  2 |
---------------+-------+-----
Charms         | 3 |  3.2
Maces & Flails | 2 |  2.0
Fighting       | |  2.1
Armour         | |  0.8
Dodging        | |  1.8
Spellcasting   | |  2.0

Action                   || total
-------------------------++-------
Melee: Mace              ||    49
  Use: Scroll            ||     2
       Potion            ||     1
Armor: Leather armour    ||    13
Dodge: Dodged            ||    38
